 Dungeon Crawl Stone Soup version 0.17.1-3-g152610e (webtiles) character file.

171 Magnus the Shooter (level 5, -5/33 HPs)
             Began as a High Elf Arcane Marksman on Mar 28, 2016.
             Slain by a gnoll
             ... wielding a +0 whip
              (7 damage)
             ... on level 2 of the Dungeon.
             The game lasted 00:16:21 (3466 turns).

Magnus the Shooter (High Elf Arcane Marksman)       Turns: 3466, Time: 00:16:21

Health: -5/33      AC:  2    Str: 13    XL:     5   Next: 26%
Magic:  12/12      EV: 12    Int: 23    God:
Gold:   190        SH:  0    Dex: 15    Spells: 2 memorised, 9 levels left

rFire  . . .     SeeInvis .     a - +0 shortbow
rCold  . . .     Clarity  .     b - +0 robe
rNeg   . . .     SustAt   .     (shield currently unavailable)
rPois  .         Gourm    .     (no helmet)
rElec  .         Spirit   .     (no cloak)
rCorr  .         Warding  .     (no gloves)
rMut   .         Stasis   .     (no boots)
MR     .....                    (no amulet)
Stlth  +.........               p - +3 ring of strength
                                k - +6 ring of intelligence

@: slowed, very slow, not resistant to hostile enchantments, very unstealthy
A: no striking features
a: no special abilities


You were on level 2 of the Dungeon.
You were not hungry.

You visited 1 branch of the dungeon, and saw 3 of its levels.

You collected 190 gold pieces.

Inventory:

Hand Weapons
 a - a +0 shortbow (weapon)
 j - a +0 dagger
Missiles
 d - 24 arrows (quivered)
 s - 14 arrows of flame
Armour
 b - a +0 robe (worn)
Jewellery
 k - a +6 ring of intelligence (left hand)
 l - an uncursed ring of ice
 o - an uncursed ring of see invisible
 p - a +3 ring of strength (right hand)
 B - an uncursed ring of protection from cold
Wands
 i - a wand of magic darts (20)
 t - a wand of slowing (10)
 y - a wand of teleportation (4)
Scrolls
 g - 4 scrolls of remove curse {unknown}
 m - 2 scrolls of magic mapping {unknown}
 n - a scroll of identify
 r - 4 scrolls of recharging
 u - 3 scrolls of fog {unknown}
 v - a scroll of noise {unknown}
 A - a scroll of enchant weapon {unknown}
Potions
 f - 2 potions of curing
 q - a potion of haste {unknown}
 w - a potion of degeneration {unknown}
 x - 2 potions of mutation {unknown}
 z - 2 potions of lignification {unknown}
 C - 2 potions of poison {unknown}
Books
 c - a book of Debilitation

   Spells                             Type                      Level
   a - Corona                         Hexes                        1
   b - Slow                           Hexes                        2
   c - Gell's Gravitas                Hexes/Translocation          3
   d - Inner Flame                    Hexes/Fire                   3
   e - Cause Fear                     Hexes                        4
   f - Leda's Liquefaction            Hexes/Earth                  4
Comestibles
 e - 3 bread rations
 h - 2 beef jerkies
 D - 5 chunks of flesh


   Skills:
 - Level 1.0 Fighting
 + Level 5.6 Bows
 - Level 2.1 Dodging
 + Level 4.0 Spellcasting
 - Level 3.0 Hexes


You had 9 spell levels left.
You knew the following spells:

 Your Spells              Type           Power        Failure   Level  Hunger
a - Corona                Hex            ###....      2%          1    None
b - Slow                  Hex            ###.....     4%          2    #......


Dungeon Overview and Level Annotations

Branches:
Dungeon (3/15)

Altars:
Xom


Message History

You climb downwards.
The gnoll hits you with a whip.
There is a stone staircase leading up, spattered with blood here.
The gnoll hits you with a whip.
The orc zaps a wand.
You feel yourself slow down.
It is a wand of slowing.
You climb upwards.
There is a stone staircase leading down here.
Firing (i - inventory. (,) - cycle):
d - 25 arrows (quivered)
Press: ? - help, Shift-Dir - straight line, f - orc
Aim: an orc, carrying a wand of slowing {zapped: 1} You shoot an arrow.
The arrow hits the orc!
You kill the orc!
The gnoll hits you with a whip. x2
The gnoll hits you with a whip.
* * * LOW HITPOINT WARNING * * *
Items here: ( )) / an arrow; a wand of slowing {zapped: 1}; a spear; a flail The gnoll hits you with a whip.
* * * LOW HITPOINT WARNING * * *
The gnoll hits you with a whip!
You die...

.# #.....# #...# #.# # .# ###...#
#...####.# # .#######...#
#...#....# # .##...#....#
#..)#....# # .##...#....#
#...#....#########
.##...#....#########....#........
.##...#....))....................
.##...####.############..........
................@g.(>####........
######.......#.#####.# #..#####.
#.......#.#####.####..##....
##.....[..............#.....
#.###...........#.#..######
#..##.##.#####....#........
##..#.##.# #.#..#.#######
#.....#.# #.#..#........
#########.#..#.#####.............


You could see a gnoll.

Vanquished Creatures
  An orc priest (D:3)
  5 adders
  3 gnolls
  2 worms (D:2)
  4 giant geckos (D:2)
  5 orcs
  3 bats (D:2)
  4 giant cockroaches
  8 goblins
  8 hobgoblins
  6 giant newts
  4 kobolds
  12 rats
65 creatures vanquished.

Notes
Turn   | Place    | Note
--------------------------------------------------------------
     0 | D:1      | Magnus the High Elf Arcane Marksman began the quest for the Orb.
     0 | D:1      | Reached XP level 1. HP: 13/13 MP: 3/3
   165 | D:1      | Reached XP level 2. HP: 12/18 MP: 6/6
   931 | D:2      | Reached XP level 3. HP: 23/23 MP: 5/7
   978 | D:2      | Learned a level 2 spell: Slow
  1042 | D:2      | Reached skill level 4 in Bows
  1095 | D:2      | Found a shimmering altar of Xom.
  1596 | D:2      | Reached XP level 4. HP: 24/28 MP: 4/9
  2291 | D:3      | Reached skill level 5 in Bows
  2787 | D:3      | Reached XP level 5. HP: 33/33 MP: 11/11
  3466 | D:2      | Slain by a gnoll

Action                   |  1- 3 |  4- 6 || total
-------------------------+-------+-------++-------
 Fire: Shortbow          |   115 |   110 ||   225
 Cast: Corona            |     3 |       ||     3
       Slow              |     5 |     4 ||     9
  Use: Scroll            |     1 |     1 ||     2
  Eat: Chunk             |     2 |     5 ||     7
       Bread ration      |       |     1 ||     1
